 Dungeon Crawl Stone Soup version 0.31-a0-187-gba352fbbf7 (webtiles) character file.

Game seed: 7827211221662052873

152 qw the Skirmisher (level 5, -1/29 HPs)
             Began as a Deep Elf Hunter on June 22, 2023.
             Slain by a gnoll
             ... wielding a +0 halberd
             ... led by a gnoll sergeant
              (4 damage)
             ... on level 3 of the Dungeon.
             The game lasted 00:00:53 (2462 turns).

qw the Skirmisher (Deep Elf Hunter)                 Turns: 2462, Time: 00:00:54

Health: -1/29      AC:  7    Str: 10    XL:     5   Next: 11%
Magic:  7/7        EV:  9    Int: 14    God:
Gold:   206        SH:  0    Dex: 18    Spells: 4/4 levels left

rFire   . . .        Y - +0 shortbow
rCold   . . .        (shield currently unavailable)
rNeg    . . .        i - +0 scale mail
rPois   .            (no helmet)
rElec   .            (no cloak)
rCorr   .            (no gloves)
SInv    .            b - +0 pair of boots
Will    .....        a - amulet of faith
Stlth   +            (no ring)
HPRegen 0.24/turn    (no ring)
MPRegen 0.10/turn

%: faith
@: no status effects
A: no striking features
a: no special abilities


You were on level 3 of the Dungeon.
You visited 1 branch of the dungeon, and saw 4 of its levels.

You collected 206 gold pieces.


   Skills:
 - Level 1.5 Fighting
 + Level 8.5 Ranged Weapons
 - Level 2.4 Dodging
 - Level 1.2 Stealth


You had 4 spell levels left.
You didn't know any spells.
Your spell library was empty.

Inventory:

Hand Weapons
 Y - a +0 shortbow (weapon)
Armour
 b - a +0 pair of boots (worn)
 i - a +0 scale mail (worn)
Jewellery
 a - an amulet of faith (around neck)
Scrolls
 g - a scroll of identify
Potions
 e - a potion of experience {unknown}
 f - 2 potions of curing
 h - a potion of resistance {unknown}

Dungeon Overview and Level Annotations

Branches:
Dungeon (4/15)
 Temple: D:4-7

Altars:
Gozag
Zin


Message History

There is a stone staircase leading down here.
You climb downwards.
The gnoll sergeant shouts!
The gnoll shouts! x4; You hear a shout! x4
You hear an angry hiss.
Found 9 gold pieces.
There is a stone staircase leading up here.
There are monsters nearby!
Waypoint 3 assigned to D:4.
You shoot an arrow. The arrow closely misses the gnoll.
The arrow hits the gnoll sergeant.
The gnoll sergeant is lightly wounded.
A gnoll comes into view. It is wielding a +0 whip.
The gnoll barely misses you.
The gnoll sergeant hits you from afar with a +0 trident!
The gnoll barely misses you.
2455 ||| STAIRDANCE The gnoll barely misses you.
The gnoll hits you but does no damage. The gnoll sergeant misses you.
The gnoll hits you from afar with a +0 spear.
You climb upwards.
There is a stone staircase leading down here.
You shoot an arrow. The arrow hits the gnoll.
The gnoll is heavily wounded.
The gnoll hits you but does no damage. The gnoll hits you with a +0 halberd.
You shoot an arrow. The arrow hits the gnoll.
The gnoll is almost dead.
The gnoll hits you with a +0 club. The gnoll hits you with a +0 halberd.
You shoot an arrow. The arrow barely misses the gnoll.
The gnoll barely misses you. The gnoll hits you but does no damage.
The gnoll hits you with a +0 club. The gnoll barely misses you.
You shoot an arrow. The arrow hits the gnoll.
You kill the gnoll!
The gnoll barely misses you.
You shoot an arrow. The arrow hits the gnoll!
The gnoll is severely wounded.
The gnoll completely misses you.
You shoot an arrow.
The arrow hits the gnoll but does no damage.
The gnoll is severely wounded.
The gnoll hits you with a +0 halberd.
You die...

.#.##.######.##########
.#.#.....%...#
.#.#..#####..#
..........#..#
...#.###.....#
.#.#.###...#.##
.#.#.......#..###
##.#.###.#.....g##
...#..)...!....)@#
####.###.######### #.#
#.# #.# #.# #.# #.#
####.###.# (.....##.#
......##.#########
......#..........#


You could see a gnoll.

Vanquished Creatures
  An orc wizard (D:3)
  A gnoll (D:3)
  3 adders
  A worm (D:2)
  4 dart slugs (D:3)
  3 orcs (D:3)
  6 bats
  9 endoplasms
  2 giant cockroaches
  9 hobgoblins
  3 jackals (D:1)
  6 kobolds
  3 quokkas
  8 ball pythons
  3 frilled lizards
  6 goblins
  6 rats
74 creatures vanquished.

Notes
Turn   | Place    | Note
-------+----------+-------------------------------------------
     0 | D:1      | qw the Deep Elf Hunter began the quest for the Orb.
     0 | D:1      | Reached XP level 1. HP: 12/12 MP: 3/3
     0 | D:1      | 0 ||| qw: Version: 0.3-a-9-g12657ce
     0 | D:1      | 0 ||| qw: Game counter: 2483
     0 | D:1      | 0 ||| qw: Always use a shield: true
     0 | D:1      | 0 ||| qw: God list: Okawaru
     0 | D:1      | 0 ||| qw: Allow faded altars: false
     0 | D:1      | 0 ||| qw: Do Orc after D:15 true
     0 | D:1      | 0 ||| qw: Do second Lair branch before Depths: true
     0 | D:1      | 0 ||| qw: Lair rune preference: random
     0 | D:1      | 0 ||| qw: Plans: Normal
     0 | D:1      | 0 ||| PLANNING D:1-11
   114 | D:1      | Reached skill level 6 in Ranged Weapons
   114 | D:1      | Reached XP level 2. HP: 16/16 MP: 4/4
   733 | D:1      | 733 ||| READING scroll labelled BELA POCVIWKEN.
   734 | D:1      | 734 ||| READING scroll labelled TAOZEV TETAPLAUP.
   735 | D:1      | 735 ||| READING 2 scrolls labelled WUGAHA NEHE.
   736 | D:1      | 736 ||| DROPPING scroll of butterflies.
   737 | D:1      | 737 ||| DROPPING scroll of amnesia.
   815 | D:2      | Reached XP level 3. HP: 20/20 MP: 5/5
   868 | D:2      | 868 ||| Stepping ~*~*~tactically~*~*~ (outnumbered).
   879 | D:2      | Reached skill level 7 in Ranged Weapons
  1421 | D:2      | 1421 ||| UPGRADING to +0 pair of boots.
  1426 | D:2      | 1426 ||| UPGRADING to amulet of faith.
  1431 | D:2      | 1431 ||| READING 2 scrolls labelled MEOCKO KEPH.
  1432 | D:2      | 1432 ||| READING scroll labelled JEQARCH BYNOF.
  1433 | D:2      | 1433 ||| DRINKING 2 fuming white potions.
  1458 | D:2      | 1458 ||| DRINKING 3 amethyst potions.
  1459 | D:2      | 1459 ||| DROPPING potion of lignification.
  1540 | D:3      | Reached XP level 4. HP: 25/25 MP: 6/6
  1770 | D:3      | Found an opulent altar of Gozag.
  1770 | D:3      | Found a glowing silver altar of Zin.
  1840 | D:3      | Reached skill level 8 in Ranged Weapons
  1932 | D:3      | Reached XP level 5. HP: 9/29 MP: 7/7
  2433 | D:3      | 2433 ||| UPGRADING to +0 scale mail.
  2443 | D:3      | 2443 ||| DROPPING +0 leather armour.
  2444 | D:3      | 2444 ||| READING 2 scrolls of identify.
  2444 | D:3      | 2444 ||| IDENTIFYING sapphire potion
  2445 | D:3      | 2445 ||| DROPPING potion of brilliance.
  2455 | D:4      | 2455 ||| STAIRDANCE
  2458 | D:3      | HP: 5/29 [gnoll/+0 halberd[a gnoll sergeant] (6)]
  2459 | D:3      | HP: 2/29 [gnoll/+0 club[a gnoll sergeant] (4)]
  2462 | D:3      | Slain by a gnoll

Levels and vault maps discovered:
D:1:      sevenhm_arrival_forest_fort_large_2, layout_loops_cross
D:2:      layout_basic, minmay_quantized
D:3:      layout_basic, grunt_temple_overflow_gold_and_silver,
          minmay_quadrilaterals
D:4:      layout_loops_ring, mainiacjoe_overflow_catwalk,
          nicolae_ru_path_of_blood, chequers_serial_rivers_large_a,
          grunt_ministairs_6, uniq_duvessa, uniq_pikel, uniq_ijyb

Skill      XL: |  1  2  3  4 |
---------------+-------------+-----
Ranged Weapons | 6 7 8 |  8.5
Fighting       | |  1.5
Dodging        | |  2.4
Stealth        | |  1.2

Action                     |  1- 3 |  4- 6 || total
---------------------------+-------+-------++-------
   Fire: Shortbow          |   119 |    80 ||   199
    Use: Scroll            |     5 |     1 ||     6
         Potion            |     2 |       ||     2
 Armour: Leather armour    |    14 |     6 ||    20
         Scale mail        |       |     3 ||     3
  Dodge: Dodged            |    24 |    21 ||    45

Table legend:
 A = Non-vault XP
 B = Vault XP
 C = Vault XP percentage of total XP
 D = Non-vault monster count
 E = Vault monster count
 F = Vault count percentage of total count
                 A         B        C        D         E       F
            +---------+---------+-------+---------+---------+-------
      Total |     171 |      47 |  21.6 |      62 |      12 |  16.2
            +---------+---------+-------+---------+---------+-------
        D:1 |      39 |       0 |   0.0 |      24 |       0 |   0.0
        D:2 |      28 |      19 |  40.4 |      16 |       6 |  27.3
        D:3 |     104 |      28 |  21.2 |      22 |       6 |  21.4
            +---------+---------+-------+---------+---------+-------
